 Dungeon Crawl Stone Soup version 0.20.0-10-g0535bb4 (console) character file.

105 removed the Insei (level 4, -3/32 HPs)
             Began as a Merfolk Conjurer on June 3, 2017.
             Slain by a worm (12 damage)
             ... on level 4 of the Dungeon.
             The game lasted 00:06:31 (4141 turns).

removed the Insei (Merfolk Conjurer)                Turns: 4141, Time: 00:06:32

Health: -3/32      AC:  2    Str:  8    XL:     4   Next: 83%
Magic:  5/7        EV: 13    Int: 14    God:
Gold:   116        SH:  0    Dex: 15    Spells: 6/7 levels left

rFire    . . .     SeeInvis .     - Unarmed
rCold    . . .     Gourm    .   (no shield)
rNeg     . . .     Faith    .   a - +0 robe
rPois    .         Spirit   .   (no helmet)
rElec    .         Reflect  .   n - scarf {cloud immunity}
rCorr    .         Harm     .   (no gloves)
MR       .....                  (no boots)
Stlth    ++........             (no amulet)
Regen    0.1/turn               (no ring)
MPRegen  0.1/turn               (no ring)

@: very slightly contaminated
A: change form in water, swift swim, stealthy swim
a: no special abilities


You were on level 4 of the Dungeon.
You were hungry.

You visited 1 branch of the dungeon, and saw 4 of its levels.

You collected 116 gold pieces.

Inventory:

Armour
 a - a +0 robe (worn)
 n - a scarf of cloud immunity (worn)
 q - a +0 pair of boots
Scrolls
 e - a scroll of teleportation {unknown}
 h - 2 scrolls of remove curse
 j - 2 scrolls of enchant armour {unknown}
 k - 3 scrolls of identify {unknown}
 p - 5 scrolls of blinking {unknown}
 t - a scroll of noise {unknown}
Potions
 d - 2 potions of curing {unknown}
 f - 2 potions of flight {unknown}
 g - 2 potions of invisibility {unknown}
 m - a potion of haste {unknown}
Books
 b - a book of Conjurations

   Spells                             Type                      Level
   a - Magic Dart                     Conjuration                  1
   b - Searing Ray                    Conjuration                  2
   c - Dazzling Spray                 Conjuration/Hexes            3
   d - Fulminant Prism                Conjuration/Hexes            4
   e - Force Lance                    Conjuration/Translocation    4
   f - Iskenderun's Mystic Blast      Conjuration                  4
Comestibles
 c - a bread ration


   Skills:
 - Level 1.2 Fighting
 - Level 2.6 Dodging
 - Level 2.1 Stealth
 + Level 4.4 Unarmed Combat
 - Level 2.0 Spellcasting
 - Level 3.2 Conjurations


You had 6 spell levels left.
You knew the following spells:

 Your Spells              Type           Power        Failure   Level  Hunger
a - Magic Dart            Conj           ##..         6%          1    ##.....


Dungeon Overview and Level Annotations

Branches:
Dungeon (4/15)
 Temple: D:4-7

Altars:
Ashenzari
Cheibriados

Annotations:
D:2 exclusion: 2 adders, Sigmund


Message History

Confirm with . or Enter, or press ? or * to list all spells.
Aiming: Magic Dart
Press: ? - help, Shift-Dir - straight line, f - worm
Aim: a worm (lightly wounded)
You miscast Magic Dart.
You are very lightly contaminated with residual magic.
Nothing appears to happen.
Casting: Magic Dart
Confirm with . or Enter, or press ? or * to list all spells.
Aiming: Magic Dart
Press: ? - help, Shift-Dir - straight line, f/p - worm
Aim: a worm (lightly wounded)
The magic dart hits the worm.
The worm is moderately wounded.
You hit the worm.
The worm is heavily wounded.
You barely miss the worm.
The worm is heavily wounded.
The worm bites you!
You die...

#.......... .....###.##.....
...........# #......#.##...###
..#......#.###.....##.#......
..#............#.#.##.#....#
.....#....####.#%#.##.#....#
...........................####.#
>..............#.#...............
.....####....###w#########......#
...#............@......# #......#
........>.......%....... ........
##.#.........###.##.##.###.#####.
#.#######.#..##.# .# ... .
#.##..... . ... ## #.# ...+# .
... #.# ...# .. ...$# ###.## .##
#....#


You could see a worm.

Vanquished Creatures
  An adder (D:3)
  An ooze (D:3)
  3 worms
  4 dart slugs
  2 leopard geckos
  5 bats
  3 giant cockroaches
  7 goblins
  7 hobgoblins
  13 jackals
  2 quokkas
  3 frilled lizards
  9 kobolds
  A leopard gecko skeleton (D:4)
  6 rats
67 creatures vanquished.

Notes
Turn   | Place    | Note
-------+----------+-------------------------------------------
     0 | D:1      | removed the Merfolk Conjurer began the quest for the Orb.
     0 | D:1      | Reached XP level 1. HP: 13/13 MP: 3/3
   146 | D:1      | Reached skill level 1 in Fighting
   378 | D:1      | Reached XP level 2. HP: 11/21 MP: 1/5
   383 | D:1      | Reached skill level 1 in Unarmed Combat
  1185 | D:2      | Noticed Sigmund
  1206 | D:2      | Reached skill level 2 in Unarmed Combat
  1560 | D:2      | Reached XP level 3. HP: 21/26 MP: 1/6
  2539 | D:2      | Reached skill level 3 in Unarmed Combat
  2943 | D:3      | Reached XP level 4. HP: 32/32 MP: 2/7
  3025 | D:3      | Found a snail-covered altar of Cheibriados.
  3130 | D:3      | Found a shattered altar of Ashenzari.
  3257 | D:3      | Reached skill level 4 in Unarmed Combat
  4141 | D:4      | Slain by a worm

Skill      XL: |  1  2  3  4 |
---------------+-------------+-----
Fighting       | 1 |  1.2
Unarmed Combat | 2 3 4 |  4.4
Dodging        | |  2.6
Stealth        | |  2.1
Spellcasting   | |  2.0
Conjurations   | |  3.2

Action                   |  1- 3 |  4- 6 || total
-------------------------+-------+-------++-------
Melee: Unarmed           |   112 |    70 ||   182
       Punch             |       |     1 ||     1
 Cast: Magic Dart        |    71 |    41 ||   112
  Use: Scroll            |       |     1 ||     1
 Stab: Distracted        |     1 |       ||     1
       Sleeping          |     1 |     1 ||     2
  Eat: Chunk             |     8 |     4 ||    12
Armor: Robe              |    18 |     5 ||    23
Dodge: Dodged            |    94 |    56 ||   150
